NYP
LOS ANGELES (NYP) ANGELS @ TRI-CITY VALLEYCATS
08/25/2044
 
TOP OF THE 1ST
Los Angeles (NYP) Angels batting - Pitching for Tri-City ValleyCats : RHP Adam Behrens
Pitching: RHP Adam Behrens
Batting: RHB Jeff Long 0-0: Ball
1-0: Called Strike
1-1: Foul Ball, location: 2F
1-2: Reached on error, E5 (Groundball, 56S, EV 80.6 MPH)
Batting: RHB Tsega Haida 0-0: SINGLE (Groundball, 56S, EV 66.3 MPH) (infield hit)
Jeff Long to second
Batting: RHB Jon Griffin 0-0: Swinging Strike
0-1: Foul Ball, location: 2F
0-2: Single, Error in OF, E8, batter to second base (Groundball, 6M, EV 95.0 MPH)
Jeff Long scores
Tsega Haida to third
Batting: SHB Conor Davies 0-0: Called Strike
0-1: Ball
1-1: SINGLE (Groundball, 4, EV 102.5 MPH)
Tsega Haida scores
Jon Griffin to third
Batting: RHB John Beddow 0-0: Ball
1-0: Called Strike
1-1: DOUBLE (Line Drive, 78XD, EV 107.5 MPH)
Jon Griffin scores
Conor Davies to third
Runner from 3rd tries for Home, SAFE, no throw by CF
Batting: RHB Jason Habeck 0-0: Called Strike
0-1: Ground out 4-3 (Groundball, 4S, EV 83.1 MPH)
John Beddow to third
Batting: RHB Steve Hughey 0-0: Ball
1-0: Swinging Strike
1-1: Ground out 5-3 (Groundball, 56S, EV 88.1 MPH)
John Beddow scores
Batting: RHB David Kunze 0-0: Ball
1-0: Ball
2-0: Ball
3-0: Foul Ball, location: 2F
3-1: Swinging Strike
3-2: Base on Balls
Batting: RHB D.J. Martinez 0-0: Called Strike
0-1: Ground out 4-3 (Groundball, 34, EV 86.3 MPH)
Top of the 1st over - 5 runs, 4 hits, 2 errors, 1 left on base; Los Angeles (NYP) 5 - Tri-City 0
BOTTOM OF THE 1ST
Tri-City ValleyCats batting - Pitching for Los Angeles (NYP) Angels : RHP Bartholomeu Voivodic
Pitching: RHP Bartholomeu Voivodic
Batting: RHB Justin Olmstead 0-0: Ball
1-0: Ball
2-0: Foul Ball, location: 2F
2-1: Ball
3-1: Ground out 3-1 (Groundball, 34S, EV 80.0 MPH)
Batting: SHB Paskar Adegoke 0-0: Ball
1-0: Foul Ball, location: 2F
1-1: Ball
2-1: Ball
3-1: Base on Balls
Batting: RHB Raul Sanchez 0-0: Fly out, F9 (Flyball, 89XD, EV 95.6 MPH)
Batting: RHB Jordan Williams 0-0: Ball
1-0: Called Strike
1-1: Called Strike
1-2: Fielders Choice at 2nd, 6-4 (Groundball, 6, EV 86.3 MPH)
Bottom of the 1st over - 0 runs, 0 hits, 0 errors, 1 left on base; Los Angeles (NYP) 5 - Tri-City 0
TOP OF THE 2ND
Los Angeles (NYP) Angels batting - Pitching for Tri-City ValleyCats : RHP Adam Behrens
Batting: RHB Jeff Long 0-0: Foul Ball, location: 2F
0-1: Swinging Strike
0-2: Foul Ball, location: 2F
0-2: Ball
1-2: Strikes out swinging
Batting: RHB Tsega Haida 0-0: Ground out 4-3 (Groundball, 4, EV 88.8 MPH)
Batting: RHB Jon Griffin 0-0: Swinging Strike
0-1: Ball
1-1: Called Strike
1-2: Strikes out swinging
Top of the 2nd over - 0 runs, 0 hits, 0 errors, 0 left on base; Los Angeles (NYP) 5 - Tri-City 0
BOTTOM OF THE 2ND
Tri-City ValleyCats batting - Pitching for Los Angeles (NYP) Angels : RHP Bartholomeu Voivodic
Batting: LHB Vinny Siebecker 0-0: Ground out U3 (Groundball, 34, EV 98.1 MPH)
Batting: RHB Ramon Castellon 0-0: Called Strike
0-1: Called Strike
0-2: Ball
1-2: Strikes out swinging
Batting: LHB Jon Pope 0-0: Foul Ball, location: 2F
0-1: Called Strike
0-2: Ground out 4-3 (Groundball, 4, EV 86.3 MPH)
Bottom of the 2nd over - 0 runs, 0 hits, 0 errors, 0 left on base; Los Angeles (NYP) 5 - Tri-City 0
TOP OF THE 3RD
Los Angeles (NYP) Angels batting - Pitching for Tri-City ValleyCats : RHP Adam Behrens
Batting: SHB Conor Davies 0-0: Swinging Strike
0-1: Ball
1-1: Ball
2-1: Swinging Strike
2-2: Foul Ball, location: 2F
2-2: Ball
3-2: Base on Balls
Batting: RHB John Beddow 0-0: Grounds into double play, 5-4-3 (Groundball, 56S, EV 91.9 MPH)
Batting: RHB Jason Habeck 0-0: Foul Ball, location: 2F
0-1: Ball
1-1: Ground out 6-3 (Groundball, 6, EV 108.1 MPH)
Top of the 3rd over - 0 runs, 0 hits, 0 errors, 0 left on base; Los Angeles (NYP) 5 - Tri-City 0
BOTTOM OF THE 3RD
Tri-City ValleyCats batting - Pitching for Los Angeles (NYP) Angels : RHP Bartholomeu Voivodic
Batting: LHB Kyle Moore 0-0: Called Strike
0-1: Ball
1-1: Ball
2-1: Swinging Strike
2-2: Ball
3-2: Ground out 4-3 (Groundball, 4, EV 83.8 MPH)
Batting: RHB Rob Baker 0-0: Called Strike
0-1: Foul Ball, location: 2F
0-2: Ball
1-2: Strikes out looking
Batting: RHB Justin Olmstead 0-0: Ball
1-0: Foul Ball, location: 2F
1-1: Ball
2-1: SINGLE (Line Drive, 9LM, EV 103.1 MPH)
Batting: SHB Paskar Adegoke 0-0: Called Strike
0-1: Called Strike
Justin Olmstead steals 2nd base
0-2: Ball
1-2: Ball
2-2: Ball
3-2: Strikes out swinging
Bottom of the 3rd over - 0 runs, 1 hit, 0 errors, 1 left on base; Los Angeles (NYP) 5 - Tri-City 0
TOP OF THE 4TH
Los Angeles (NYP) Angels batting - Pitching for Tri-City ValleyCats : RHP Adam Behrens
Batting: RHB Steve Hughey 0-0: Swinging Strike
0-1: Called Strike
0-2: Ball
1-2: Ball
2-2: Hit by Pitch
Batting: RHB David Kunze 0-0: Ball
1-0: Called Strike
1-1: Ground out 6-3 (Groundball, 6MS, EV 67.5 MPH)
Steve Hughey to second
Batting: RHB D.J. Martinez 0-0: Foul Ball, location: 2F
0-1: Ball
1-1: Swinging Strike
1-2: Strikes out swinging
Batting: RHB Jeff Long 0-0: Ground out 6-3 (Groundball, 6, EV 89.4 MPH)
Top of the 4th over - 0 runs, 0 hits, 0 errors, 1 left on base; Los Angeles (NYP) 5 - Tri-City 0
BOTTOM OF THE 4TH
Tri-City ValleyCats batting - Pitching for Los Angeles (NYP) Angels : RHP Bartholomeu Voivodic
Batting: RHB Raul Sanchez 0-0: Called Strike
0-1: Ball
1-1: Fly out, F8 (Line Drive, 8LM, EV 92.5 MPH)
Batting: RHB Jordan Williams 0-0: Ball
1-0: Called Strike
1-1: Ball
2-1: Called Strike
2-2: Ball
3-2: Base on Balls
Batting: LHB Vinny Siebecker 0-0: Ball
Jordan Williams steals 2nd base
1-0: Called Strike
1-1: Ground out 6-3 (Groundball, 6M, EV 107.5 MPH)
Jordan Williams to third
Batting: RHB Ramon Castellon 0-0: Ball
1-0: Called Strike
1-1: Ball
2-1: Ball
3-1: Swinging Strike
3-2: Base on Balls
Batting: LHB Jon Pope 0-0: Ball
1-0: Ball
2-0: Ball
3-0: Ground out U3 (Groundball, 3, EV 85.6 MPH)
Bottom of the 4th over - 0 runs, 0 hits, 0 errors, 2 left on base; Los Angeles (NYP) 5 - Tri-City 0
TOP OF THE 5TH
Los Angeles (NYP) Angels batting - Pitching for Tri-City ValleyCats : RHP Adam Behrens
Batting: RHB Tsega Haida 0-0: Ball
1-0: Foul Ball, location: 2F
1-1: Ball
2-1: Ball
3-1: Ground out 1-3 (Groundball, 15S, EV 65.6 MPH)
Batting: RHB Jon Griffin 0-0: Ball
1-0: Called Strike
1-1: Ball
2-1: Foul Ball, location: 2F
2-2: Ball
3-2: Strikes out swinging
Batting: SHB Conor Davies 0-0: Foul Ball, location: 2F
0-1: Ball
1-1: Swinging Strike
1-2: Ball
2-2: Ground out U3 (Groundball, 34, EV 105.6 MPH)
Top of the 5th over - 0 runs, 0 hits, 0 errors, 0 left on base; Los Angeles (NYP) 5 - Tri-City 0
BOTTOM OF THE 5TH
Tri-City ValleyCats batting - Pitching for Los Angeles (NYP) Angels : RHP Bartholomeu Voivodic
Batting: LHB Kyle Moore 0-0: Ball
1-0: Foul Ball, location: 2F
1-1: Ball
2-1: SOLO HOME RUN (Flyball, 9D, EV 95.6 MPH), Distance : 354 ft
Batting: RHB Rob Baker 0-0: Ball
1-0: Ground out 4-3 (Groundball, 4, EV 105.0 MPH)
Batting: RHB Justin Olmstead 0-0: Called Strike
0-1: Ball
1-1: TRIPLE (Groundball, 5L, EV 101.3 MPH)
Batting: SHB Paskar Adegoke 0-0: Ball
1-0: Ball
2-0: SINGLE (Flyball, 8RS, EV 90.6 MPH)
Justin Olmstead scores
Batting: RHB Raul Sanchez 0-0: Ball
1-0: Ball
2-0: Swinging Strike
2-1: SINGLE (Line Drive, 7S, EV 112.5 MPH)
Paskar Adegoke to second
Batting: RHB Jordan Williams 0-0: Ball
1-0: Swinging Strike
1-1: Ball
2-1: SINGLE (Line Drive, 78S, EV 91.3 MPH)
Paskar Adegoke to third
Raul Sanchez to second
Runner from 3rd tries for Home, SAFE, throw by LF to home
Batting: LHB Vinny Siebecker 0-0: Called Strike
0-1: Swinging Strike
0-2: Ball
1-2: Foul Ball, location: 2F
1-2: Strikes out swinging
Batting: RHB Ramon Castellon 0-0: Ball
1-0: SINGLE (Line Drive, 89M, EV 106.3 MPH)
Raul Sanchez to third
Jordan Williams to second
Batting: LHB Jon Pope 0-0: Called Strike
0-1: Ball
1-1: Ball
2-1: Foul Ball, location: 2F
2-2: Ball
3-2: Fly out, F6 (Popup, 4MD, EV 68.8 MPH)
Bottom of the 5th over - 3 runs, 6 hits, 0 errors, 3 left on base; Los Angeles (NYP) 5 - Tri-City 3
TOP OF THE 6TH
Los Angeles (NYP) Angels batting - Pitching for Tri-City ValleyCats : RHP Adam Behrens
Batting: RHB John Beddow 0-0: SINGLE (Groundball, 6MS, EV 89.4 MPH) (infield hit)
Batting: RHB Jason Habeck 0-0: Ball
1-0: Ball
2-0: Called Strike
2-1: Fly out, F3 (Popup, 34, EV 78.1 MPH)
Batting: RHB Steve Hughey 0-0: Called Strike
0-1: Fly out, F7 (Flyball, 78S, EV 83.1 MPH)
Batting: RHB David Kunze 0-0: Ball
1-0: Ball
2-0: Swinging Strike
2-1: Foul Ball, location: 2F
2-2: Ball
3-2: DOUBLE (Flyball, 8RD, EV 92.5 MPH)
John Beddow to third
John Beddow scores
Pitching: RHP Jon Davis
Batting: RHB D.J. Martinez 0-0: Foul Ball, location: 2F
0-1: Swinging Strike
0-2: Foul Ball, location: 2F
0-2: Foul Ball, location: 2F
0-2: Ball
1-2: Ball
2-2: Foul Ball, location: 2F
2-2: Foul Ball, location: 2F
2-2: Strikes out swinging
Top of the 6th over - 1 run, 2 hits, 0 errors, 1 left on base; Los Angeles (NYP) 6 - Tri-City 3
BOTTOM OF THE 6TH
Tri-City ValleyCats batting - Pitching for Los Angeles (NYP) Angels : RHP Bartholomeu Voivodic
Batting: LHB Kyle Moore 0-0: Ball
1-0: Foul Ball, location: 2F
1-1: Ball
2-1: Foul Ball, location: 2F
2-2: Ball
3-2: Single, Error in OF, E8, batter to second base (Groundball, 4MD, EV 94.4 MPH)
Batting: RHB Rob Baker 0-0: Ground out 6-3 (Groundball, 6MD, EV 104.4 MPH)
Kyle Moore to third
Batting: RHB Justin Olmstead 0-0: Fly out, F4 (Flyball, 4D, EV 85.0 MPH)
Batting: SHB Paskar Adegoke 0-0: Ball
1-0: Called Strike
1-1: Ball
2-1: Ball
3-1: Called Strike
3-2: Base on Balls
Pitching: LHP Brandon Davis
Batting: RHB Raul Sanchez 0-0: Ball
Balk!
Kyle Moore scores
Paskar Adegoke to second
1-0: Ball
2-0: SINGLE (Line Drive, 89M, EV 90.0 MPH)
Paskar Adegoke to third
Runner from 3rd tries for Home, SAFE, throw by RF to home
Raul Sanchez to second
Batting: RHB Jordan Williams 0-0: Called Strike
0-1: Called Strike
0-2: Strikes out swinging
Bottom of the 6th over - 2 runs, 2 hits, 1 error, 1 left on base; Los Angeles (NYP) 6 - Tri-City 5
TOP OF THE 7TH
Los Angeles (NYP) Angels batting - Pitching for Tri-City ValleyCats : RHP Jon Davis
Pitching: RHP Justin Coney
Batting: RHB Jeff Long 0-0: Called Strike
0-1: Fly out, F8 (Flyball, 8LM, EV 92.5 MPH)
Batting: RHB Tsega Haida 0-0: Called Strike
0-1: Ball
1-1: DOUBLE (Line Drive, 78D, EV 111.3 MPH)
Batting: RHB Jon Griffin 0-0: Called Strike
0-1: Foul Ball, location: 2F
0-2: Ball
1-2: Strikes out swinging
Batting: SHB Conor Davies 0-0: Called Strike
0-1: Ball
1-1: Ball
2-1: Fly out, F8 (Flyball, 8RD, EV 79.4 MPH)
Top of the 7th over - 0 runs, 1 hit, 0 errors, 1 left on base; Los Angeles (NYP) 6 - Tri-City 5
BOTTOM OF THE 7TH
Tri-City ValleyCats batting - Pitching for Los Angeles (NYP) Angels : LHP Brandon Davis
Batting: LHB Vinny Siebecker 0-0: Called Strike
0-1: Called Strike
0-2: Strikes out looking
Batting: RHB Ramon Castellon 0-0: Ball
1-0: Ball
2-0: Foul Ball, location: 2F
2-1: Swinging Strike
2-2: Ball
3-2: SINGLE (Groundball, 4MD, EV 100.0 MPH)
Batting: LHB Jon Pope 0-0: Swinging Strike
Passed Ball!
Ramon Castellon to second
0-1: Foul Ball, location: 2F
0-2: Ball
1-2: Strikes out swinging
Batting: LHB Kyle Moore 0-0: Ball
Wild Pitch!
Ramon Castellon to third
1-0: Ball
2-0: Called Strike
2-1: Foul Ball, location: 2F
2-2: Foul Ball, location: 2F
2-2: Foul Ball, location: 2F
2-2: Strikes out swinging
Bottom of the 7th over - 0 runs, 1 hit, 0 errors, 1 left on base; Los Angeles (NYP) 6 - Tri-City 5
TOP OF THE 8TH
Los Angeles (NYP) Angels batting - Pitching for Tri-City ValleyCats : RHP Justin Coney
Batting: RHB John Beddow 0-0: Ball
1-0: Ball
2-0: Foul Ball, location: 2F
2-1: Ground out 5-3 (Groundball, 56D, EV 86.3 MPH)
Batting: RHB Jason Habeck 0-0: Called Strike
0-1: Fly out, F9 (Flyball, 9, EV 90.0 MPH)
Batting: RHB Steve Hughey 0-0: Fly out, F4 (Popup, 4M, EV 61.9 MPH)
Top of the 8th over - 0 runs, 0 hits, 0 errors, 0 left on base; Los Angeles (NYP) 6 - Tri-City 5
BOTTOM OF THE 8TH
Tri-City ValleyCats batting - Pitching for Los Angeles (NYP) Angels : LHP Brandon Davis
Pitching: LHP Alex Pulido
Batting: RHB Rob Baker 0-0: Called Strike
0-1: Ball
1-1: Fly out, F8 (Flyball, 89D, EV 106.9 MPH)
Batting: RHB Justin Olmstead 0-0: Ball
1-0: Swinging Strike
1-1: Ball
2-1: DOUBLE (Line Drive, 8LXD, EV 103.8 MPH)
Batting: SHB Paskar Adegoke 0-0: Fly out, F3 (Popup, 3L, EV 67.5 MPH)
Batting: RHB Raul Sanchez 0-0: Ball
1-0: Swinging Strike
1-1: Ball
2-1: Called Strike
2-2: Strikes out swinging
Bottom of the 8th over - 0 runs, 1 hit, 0 errors, 1 left on base; Los Angeles (NYP) 6 - Tri-City 5
TOP OF THE 9TH
Los Angeles (NYP) Angels batting - Pitching for Tri-City ValleyCats : RHP Justin Coney
Batting: RHB David Kunze 0-0: Ball
1-0: Ball
2-0: Ground out U3 (Groundball, 34, EV 105.0 MPH)
Batting: RHB D.J. Martinez 0-0: Called Strike
0-1: Ball
1-1: Called Strike
1-2: Ball
2-2: Ball
3-2: Strikes out swinging
Batting: RHB Jeff Long 0-0: Called Strike
0-1: Foul Ball, location: 2F
0-2: Ball
1-2: Ball
2-2: Fly out, F3 (Line Drive, 3, EV 65.6 MPH)
Top of the 9th over - 0 runs, 0 hits, 0 errors, 0 left on base; Los Angeles (NYP) 6 - Tri-City 5
BOTTOM OF THE 9TH
Tri-City ValleyCats batting - Pitching for Los Angeles (NYP) Angels : LHP Alex Pulido
Pitching: RHP Kevin Greene
Batting: RHB Jordan Williams 0-0: Foul Ball, location: 2F
0-1: Ball
1-1: Ground out 6-3 (Groundball, 6, EV 86.3 MPH)
Batting: LHB Vinny Siebecker 0-0: Foul Ball, location: 2F
0-1: Called Strike
0-2: Ball
1-2: Foul Ball, location: 2F
1-2: Foul Ball, location: 2F
1-2: Ball
2-2: Ball
3-2: Foul Ball, location: 2F
3-2: Foul Ball, location: 2F
3-2: Fly out, F8 (Line Drive, 8LM, EV 96.9 MPH)
Batting: RHB Ramon Castellon 0-0: Ball
1-0: Ball
2-0: Swinging Strike
2-1: Foul Ball, location: 2F
2-2: Ball
3-2: Base on Balls
Batting: LHB Jon Pope 0-0: Called Strike
0-1: Swinging Strike
0-2: SINGLE (Groundball, 4D, EV 111.3 MPH)
Ramon Castellon to second
Runner from 2nd tries for 3rd, SAFE, throw by CF made at trailing runner, OUT! 8-6
Bottom of the 9th over - 0 runs, 1 hit, 0 errors, 1 left on base; Los Angeles (NYP) 6 - Tri-City 5
Thursday, March 31st , 2022 - OOTP Baseball 22.12 Build 89